 Dungeon Crawl Stone Soup version 0.21.0-3-g78d12a8 (webtiles) character file.

352 Inarius the Chiller (level 6, 0/47 HPs)
             Began as a Draconian Ice Elementalist on Jan 9, 2018.
             Slain by an orc priest
             ... wielding a +1 hand axe of flaming
              (2 damage)
             ... on level 3 of the Dungeon.
             The game lasted 00:08:15 (3197 turns).

Inarius the Chiller (Draconian Ice Elementalist)    Turns: 3197, Time: 00:08:16

Health: 0/47       AC:  9    Str: 11    XL:     6   Next: 35%
Magic:  20/20      EV: 12    Int: 17    God:
Gold:   150        SH:  0    Dex: 11    Spells: 3/11 levels left

rFire    . . .     SeeInvis .   l - +0 spear
rCold    . . .     Gourm    .   (no shield)
rNeg     . . .     Faith    .   (armour unavailable)
rPois    +         Spirit   .   (helmet restricted)
rElec    .         Reflect  .   (no cloak)
rCorr    .         Harm     .   q - +1 pair of gloves
MR       .....                  i - +0 pair of boots
Stlth    ++........             (no amulet)
HPRegen  0.15/turn              n - ring of magical power
MPRegen  0.17/turn              s - ring of poison resistance

@: no status effects
A: unfitting armour, cold-blooded, AC +6
a: no special abilities


You were on level 3 of the Dungeon.
You were not hungry.

You visited 1 branch of the dungeon, and saw 4 of its levels.

You collected 150 gold pieces.

Inventory:

Hand Weapons
 l - a +0 spear (weapon)
 w - a +0 flail of holy wrath
Armour
 i - a +0 pair of boots (worn)
 q - a +1 pair of gloves (worn)
Jewellery
 n - a ring of magical power (left hand)
 p - an uncursed ring of fire
 s - a ring of poison resistance (right hand)
Wands
 r - a wand of paralysis (6)
Scrolls
 c - a scroll of fog
 m - a scroll of remove curse
Potions
 d - a potion of resistance
 e - a potion of lignification {unknown}
 f - 2 potions of flight {unknown}
 g - a potion of agility {unknown}
 h - 2 potions of brilliance
 j - a potion of heal wounds {unknown}
 o - a potion of invisibility {unknown}
 u - a potion of mutation {unknown}
 v - a potion of curing {unknown}
Books
 a - a book of Frost

   Spells                             Type                      Level
   a - Freeze                         Ice                          1
   b - Throw Frost                    Conjuration/Ice              2
   c - Ozocubu's Armour               Charms/Ice                   3
   d - Throw Icicle                   Conjuration/Ice              4
   e - Summon Ice Beast               Ice/Summoning                4
Comestibles
 b - 7 rations
 k - 2 chunks of flesh


   Skills:
 + Level 1.1 Fighting
 - Level 0.1 Polearms
 + Level 2.6 Dodging
 - Level 1.7 Stealth
 + Level 3.3 Spellcasting
 * Level 2.1 Conjurations
 * Level 1.1 Charms
 * Level 5.2 Ice Magic


You had 3 spell levels left.
You knew the following spells:

 Your Spells              Type           Power        Failure   Level  Hunger
a - Freeze                Ice            ###.         1%          1    None
b - Ozocubu's Armour      Chrm/Ice       ##......     13%         3    ###....
c - Throw Icicle          Conj/Ice       ###.....     36%         4    ####...


Dungeon Overview and Level Annotations

Branches:
Dungeon (4/15)
 Temple: D:4-7

Altars:
Nemelex Xobeh
Zin


Innate Abilities, Weirdness & Mutations

Your plain brown scales are hard. (AC +6)
You cannot fit into any form of body armour.
You are cold-blooded and may be slowed by cold attacks.


Message History

The orc priest is heavily wounded.
The orc priest hits you with a hand axe of flaming!
The orc priest burns you.
You hit the orc priest.
You tail-slap the orc priest, but do no damage.
The orc priest is heavily wounded.
The orc priest hits you but does no damage.
You hit the orc priest.
The orc priest is almost dead.
The orc priest calls down the wrath of Beogh upon you.
Pain shoots through your body!
You hit the orc priest.
The orc priest is almost dead.
The orc priest calls down the wrath of Beogh upon you.
Beogh smites you!
* * * LOW HITPOINT WARNING * * *
You completely miss the orc priest.
The orc priest is almost dead.
The orc priest hits you with a hand axe of flaming.
You die...

#.#..#........### #.#.##.
#.#..#..#.##### #......
#.......#.# #......
########.......# ###.###
#..............# ###########.#
#.#####...#.##.# #...........#
##.####....(..#.###.#############
......#..........o..# #..
##.#......###...@...## #.#
##.#.#.....##.#.##...# #.#
.#.>.........<..##...# #.#
#.#####.##.##.####...# #.# .##
###.......# #)).# #.#
#####.......### #...# ###.#
...##.####..# #.).# ##.#.#
)..##.####..######..(#######.#..#
.........#...........)......###.#


You could see an orc priest.

Vanquished Creatures
  Sigmund (D:2)
  An orc wizard (D:3)
  The ghost of dscm the Grave Robber, a weakling DsNe (D:4)
  5 adders
  An adder zombie (D:4)
  3 worms (D:2)
  3 leopard geckos (D:3)
  12 orcs (D:3)
  4 giant cockroaches
  8 goblins
  8 hobgoblins
  3 jackals (D:1)
  8 kobolds
  3 quokkas
  A ball python skeleton (D:3)
  8 bats
  6 frilled lizards
  5 rats
81 creatures vanquished.

Notes
Turn   | Place    | Note
-------+----------+-------------------------------------------
     0 | D:1      | Inarius the Draconian Ice Elementalist began the quest for the Orb.
     0 | D:1      | Reached XP level 1. HP: 14/14 MP: 3/3
   137 | D:1      | Reached XP level 2. HP: 13/20 MP: 0/5
   473 | D:1      | Found a sparkling altar of Nemelex Xobeh.
   902 | D:2      | Reached XP level 3. HP: 22/26 MP: 6/6
  1013 | D:2      | Reached skill level 4 in Ice Magic
  1635 | D:2      | Found a glowing silver altar of Zin.
  1840 | D:2      | Reached XP level 4. HP: 34/34 MP: 7/7
  1841 | D:2      | Noticed Sigmund
  2221 | D:3      | Learned a level 3 spell: Ozocubu's Armour
  2233 | D:3      | Learned a level 4 spell: Throw Icicle
  2854 | D:2      | Killed Sigmund
  2854 | D:2      | Reached skill level 1 in Fighting
  2854 | D:2      | Reached skill level 1 in Charms
  2854 | D:2      | Reached skill level 5 in Ice Magic
  2854 | D:2      | Reached XP level 5. HP: 20/40 MP: 9/9
  2854 | D:2      | Reached XP level 6. HP: 24/47 MP: 10/10
  3020 | D:4      | Noticed dscm's ghost (weakling DsNe)
  3147 | D:4      | Killed dscm's ghost
  3196 | D:3      | HP: 2/47 [orc priest/divine providence (14)]
  3197 | D:3      | Slain by an orc priest

Skill      XL: |  1  2  3  4  5  6 |
---------------+-------------------+-----
Dodging        | 2 |  2.6
Ice Magic      | 4 5 |  5.2
Fighting       | 1 |  1.1
Spellcasting   | 3 |  3.3
Charms         | 1 |  1.1
Conjurations   | 2 |  2.1
Polearms       | |  0.1
Stealth        | |  1.7

Action                   |  1- 3 |  4- 6 || total
-------------------------+-------+-------++-------
Melee: Unarmed           |    48 |       ||    48
       Tailslap          |    14 |    13 ||    27
       Spear             |    80 |   161 ||   241
 Cast: Freeze            |    34 |    38 ||    72
       Ozocubu's Armour  |       |     1 ||     1
  Use: Scroll            |       |     6 ||     6
 Stab: Sleeping          |     5 |     3 ||     8
  Eat: Chunk             |     4 |     5 ||     9
Armor: Skin              |    48 |    50 ||    98
Dodge: Dodged            |    91 |   109 ||   200
